 Dungeon Crawl Stone Soup version 0.15.2 (webtiles) character file.

32 bullock the Magician (level 3, 0/19 HPs)
             Began as a Gargoyle Wizard on Nov 21, 2014.
             Slain by a gnoll (6 damage)
             ... on Level 2 of the Dungeon.
             The game lasted 00:03:32 (1175 turns).

bullock the Magician (Gargoyle Wizard)              Turns: 1175, Time: 00:03:32

HP   0/19        AC  5     Str 10      XL: 3   Next: 27%
MP   3/8         EV 11     Int 19      God:
Gold 41          SH  0     Dex  8      Spells:  4 memorised,  0 levels left

rFire  . . .     SeeInvis .     n - +2 dagger (drain)
rCold  . . .     Clarity  .     a - +0 robe
rNeg   + . .     rCorr    .     (no shield)
rPois  +         rRot     +     (no helmet)
rElec  +         Spirit   .     (no cloak)
SustAb .         Warding  .     (no gloves)
rMut   .         Stasis   .     (no boots)
Gourm  .                        (no amulet)
MR     .....                    (no ring)
                                (no ring)

@: repel missiles, not resistant to hostile enchantments, unstealthy
A: negative energy resistance 1, electricity resistance, unbreathing,
petrification resistance, rot immunity, AC +3
a: no special abilities


You were on level 2 of the Dungeon.
You were hungry.

You visited 1 branch of the dungeon, and saw 2 of its levels.

You collected 41 gold pieces.

Inventory:

Hand weapons
 n - a +2 dagger of draining (weapon)
Armour
 a - a +0 robe (worn)
 m - a +0 buckler
Comestibles
 b - a meat ration
 d - a bread ration
Scrolls
 f - a scroll of magic mapping {unknown}
 h - a scroll of amnesia {unknown}
 i - a scroll of remove curse {unknown}
 j - a scroll of enchant armour {unknown}
 k - a scroll of recharging {unknown}
Potions
 g - 2 potions of restore abilities {unknown}
 l - a potion of brilliance {unknown}
Books
 c - a book of Minor Magic

   Spells                             Type                      Level
   *Magic Dart                        Conjuration                  1
   *Blink                             Translocation                2
   Call Imp                           Summoning                    2
   *Repel Missiles                    Charms/Air                   2
   Slow                               Hexes                        2
   *Conjure Flame                     Conjuration/Fire             3
   Mephitic Cloud                     Conjuration/Poison/Air       3


   Skills:
 - Level 1.5 Dodging
 - Level 2.1 Stealth
 * Level 0.2 Shields
 + Level 3.3 Spellcasting
 * Level 2.8 Conjurations
   Level 0.8 Summonings
 - Level 0.8 Translocations


You couldn't memorise any spells.
You knew the following spells:

 Your Spells              Type           Power        Failure   Level  Hunger
a - Magic Dart            Conj           ##..         6%          1    None
f - Conjure Flame         Conj/Fire      #.......     28%         3    ###....
q - Blink                 Tloc           N/A          17%         2    ##.....
v - Repel Missiles        Chrm/Air       #.....       24%         2    ##.....


Dungeon Overview and Level Annotations

Branches:
Dungeon (2/15)

Altars:
The Shining One


Innate Abilities, Weirdness & Mutations

You are resistant to torment.
You are immune to poison.
Your stone body is very resilient (AC +3).
You resist negative energy.
You are resistant to electric shocks.
You can survive without breathing.
You are immune to petrification.
You are immune to rotting.


Message History

The magic dart hits the gnoll.
The gnoll is almost dead.
The gnoll hits you.
A goblin comes into view.
The gnoll misses you.
Casting: Magic Dart
Confirm with . or Enter, or press ? or * to list all spells.
Aiming: Magic Dart
Press: ? - help, Shift-Dir - straight line, f/p - gnoll
Aim: a gnoll, wielding a flail (severely wounded)
The magic dart hits the gnoll.
The gnoll is moderately wounded.
You hit the gnoll.
The gnoll is heavily wounded.
The gnoll misses you. The gnoll hits you!
* * * LOW HITPOINT WARNING * * *
There is a stone staircase leading up here.
The gnoll hits you.
You die...

#.#...##......
##...### #...###
..._... ###...#
###...## ......
#.....#
###..##.....##..##.##
##..##...+#..# #.#
##..## ##..####.#
##..###........#
#.g.#..###.####
#########.#.#.gg@#.#
..............####.#
#########..........#
###..####### ####


You could see 2 gnolls.

Vanquished Creatures
  A green rat (D:2)
  7 bats (D:1)
  3 goblins (D:1)
  A quokka (D:2)
  A ball python (D:1)
  4 giant newts (D:1)
  4 kobolds
  4 rats
25 creatures vanquished.

Notes
Turn   | Place    | Note
--------------------------------------------------------------
     0 | D:1      | bullock, the Gargoyle Wizard, began the quest for the Orb.
     0 | D:1      | Reached XP level 1. HP: 10/10 MP: 4/4
   267 | D:1      | Reached XP level 2. HP: 9/15 MP: 1/6
   387 | D:1      | Learned a level 2 spell: Blink
   390 | D:1      | Learned a level 2 spell: Repel Missiles
   798 | D:2      | Found a glowing golden altar of the Shining One.
   902 | D:2      | Reached XP level 3. HP: 17/19 MP: 4/8
   918 | D:2      | Learned a level 3 spell: Conjure Flame
  1175 | D:2      | Slain by a gnoll

Action                   || total
-------------------------++-------
Melee: Dagger            ||    28
 Cast: Magic Dart        ||    55
       Repel Missiles    ||     1
       Conjure Flame     ||     1
 Stab: Sleeping          ||     1
